 Dungeon Crawl Stone Soup version 0.23.0-28-g6fe0f4d (webtiles) character file.

Game seed: 17317584091174564531

77 Hasart the Chiller (level 3, -3/26 HPs)
             Began as a Demigod Ice Elementalist on Feb 25, 2019.
             Slain by a centaur (8 damage)
             ... on level 3 of the Dungeon.
             The game lasted 00:05:02 (2292 turns).

Hasart the Chiller (Demigod Ice Elementalist)       Turns: 2292, Time: 00:05:02

Health: -3/26      AC:  3    Str: 11    XL:     3   Next: 91%
Magic:  4/9        EV: 12    Int: 21    God:
Gold:   108        SH:  0    Dex: 16    Spells: 6/7 levels left

rFire    . . .     SeeInvis .   i - +0 dagger
rCold    . . .     Gourm    +   (no shield)
rNeg     . . .     Faith    .   a - +0 robe
rPois    .         Spirit   .   (no helmet)
rElec    .         Reflect  .   (no cloak)
rCorr    +         Harm     .   d - +0 pair of gloves (curse)
MR       .....                  (no boots)
Stlth    ++........             f - amulet of the gourmand
HPRegen  0.08/turn              n - ring of resist corrosion
MPRegen  0.11/turn              u - ring of wizardry

@: no status effects
A: high mp 1
a: no special abilities


You were on level 3 of the Dungeon.
You were full.

You visited 1 branch of the dungeon, and saw 3 of its levels.

You collected 108 gold pieces.

Inventory:

Hand Weapons
 i - a +0 dagger (weapon)
Armour
 a - a +0 robe (worn)
 d - a cursed +0 pair of gloves (worn)
Jewellery
 f - an amulet of the gourmand (around neck)
 n - a ring of resist corrosion (left hand)
 u - a ring of wizardry (right hand)
Wands
 p - a wand of iceblast (12)
Scrolls
 g - a scroll of fear {unknown}
 j - 2 scrolls of teleportation {unknown}
 k - a scroll of enchant armour {unknown}
 o - 4 scrolls of identify {unknown}
 q - a scroll of fog {unknown}
 r - 2 scrolls of enchant weapon {unknown}
 t - 3 scrolls of remove curse {unknown}
Potions
 b - a potion of degeneration {unknown}
 e - 4 potions of curing {unknown}
 h - a potion of heal wounds {unknown}
 l - a potion of mutation {unknown}
 m - a potion of might {unknown}
 s - a potion of cancellation {unknown}
Comestibles
 c - 5 rations


   Skills:
 - Level 1.7 Dodging
 - Level 1.7 Stealth
 + Level 2.5 Spellcasting
   Level 0.8 Conjurations
 * Level 4.0 Ice Magic


You had 6 spell levels left.
You knew the following spells:

 Your Spells              Type           Power        Failure   Level  Hunger
a - Freeze                Ice            ###.         1%          1    None

Your spell library contained the following spells:

 Spells                   Type           Power        Failure   Level  Hunger
 Throw Frost              Conj/Ice       ##....       3%          2    ##.....
 Ozocubu's Armour         Chrm/Ice       ##......     8%          3    ###....
 Throw Icicle             Conj/Ice       ##......     21%         4    ####...
 Summon Ice Beast         Ice/Summ       ##......     24%         4    ####...


Dungeon Overview and Level Annotations

Branches:
Dungeon (3/15)


Innate Abilities, Weirdness & Mutations

You have an increased reservoir of magic. (+10% MP)


Message History

The centaur completely misses you. The centaur hits you.
* * * LOW HITPOINT WARNING * * *
Casting: Freeze (safe; 1% risk of failure)
Confirm with . or Enter, or press ? or * to list all spells.
Aiming: Freeze (safe; 1% risk of failure)
Press: ? - help, Shift-Dir - straight line, f/p - centaur
Aim: a centaur (lightly wounded)
You freeze the centaur!
The centaur is severely wounded.
The centaur hits you.
* * * LOW HITPOINT WARNING * * *
Casting: Freeze (safe; 1% risk of failure)
Confirm with . or Enter, or press ? or * to list all spells.
Aiming: Freeze (safe; 1% risk of failure)
Press: ? - help, Shift-Dir - straight line, f/p - centaur
Aim: a centaur (severely wounded)
You freeze the centaur.
The centaur is almost dead.
The centaur hits you!
You die...

#############.......#.#####.#
............'.......+......>#
..###########.......#.#######
..# ##.........# ..#
########### ..# #. # ### #.
##.### #.###.....# #c@(.#
########## ####.#
...(.....######.#
..(......'......#
.........######## ########.#
#.# #.########## #.##.......#


You could see a centaur.

Vanquished Creatures
  3 adders
  An adder skeleton (D:2)
  A worm (D:2)
  3 leopard geckos (D:2)
  4 orcs (D:3)
  3 bat skeletons (D:2)
  A giant cockroach (D:1)
  4 goblins
  A hobgoblin (D:3)
  7 kobolds
  5 bats
  3 frilled lizards
  3 rats
39 creatures vanquished.

Notes
Turn   | Place    | Note
-------+----------+-------------------------------------------
     0 | D:1      | Hasart the Demigod Ice Elementalist began the quest for the
                  | Orb.
     0 | D:1      | Reached XP level 1. HP: 14/14 MP: 5/5
   334 | D:1      | Reached skill level 3 in Ice Magic
   804 | D:2      | Reached XP level 2. HP: 20/20 MP: 5/7
  1303 | D:2      | Reached XP level 3. HP: 19/26 MP: 9/9
  1633 | D:2      | Found a shimmering altar of Xom.
  2093 | D:3      | Reached skill level 4 in Ice Magic
  2284 | D:3      | Noticed a centaur
  2292 | D:3      | Slain by a centaur

Skill      XL: |  1  2  3 |
---------------+----------+-----
Ice Magic      | 3 4 |  4.0
Spellcasting   | 2 |  2.5
Dodging        | |  1.7
Stealth        | |  1.7
Conjurations   | |  0.8

Action                   || total
-------------------------++-------
Melee: Dagger            ||    46
       Unarmed           ||     3
 Cast: Freeze            ||    51
 Stab: Sleeping          ||     4
  Eat: Chunk             ||    10
Armor: Robe              ||    26
Dodge: Dodged            ||    69
